 Dungeon Crawl Stone Soup version 0.20.0-15-g7f486f2 (webtiles) character file.

92 RaHiT the Changer (level 4, 0/32 HPs)
             Began as a Merfolk Transmuter on June 24, 2017.
             Slain by Sigmund
             ... wielding a +3 scythe of freezing
              (4 damage)
             ... on level 2 of the Dungeon.
             The game lasted 00:09:39 (2270 turns).

RaHiT the Changer (Merfolk Transmuter)              Turns: 2270, Time: 00:09:40

Health: 0/32       AC:  2    Str: 10    XL:     4   Next: 60%
Magic:  1/7        EV: 22    Int: 13    God:
Gold:   124        SH:  0    Dex: 19    Spells: 1/7 levels left

rFire    . . .     SeeInvis .     - Unarmed
rCold    . . .     Gourm    .   (shield currently unavailable)
rNeg     . . .     Faith    .   (armour currently unavailable)
rPois    .         Spirit   .   (helmet currently unavailable)
rElec    .         Reflect  .   (cloak currently unavailable)
rCorr    .         Harm     .   (gloves currently unavailable)
MR       .....                  (boots currently unavailable)
Stlth    ++........             (no amulet)
Regen    0.1/turn               b - ring of poison resistance
MPRegen  0.1/turn               u - ring of poison resistance

@: spider-form (expiring), very slightly contaminated
A: (change form in water), (swift swim), (stealthy swim)
a: End Transformation


You were on level 2 of the Dungeon.
You were not hungry.
You were a venomous arachnid creature.
You visited 1 branch of the dungeon, and saw 2 of its levels.

You collected 124 gold pieces.

Inventory:

Missiles
 a - 49 arrows
 r - 6 steel javelins (quivered)
Armour
 p - a +0 robe (melded)
 t - a +1 helmet (melded)
Jewellery
 b - a ring of poison resistance (left front leg)
 n - an uncursed ring of ice
 u - a ring of poison resistance (right front leg)
Wands
 o - a wand of polymorph (0/24)
Scrolls
 i - a scroll of magic mapping {unknown}
 k - a scroll of teleportation {unknown}
 l - a scroll of identify {unknown}
 m - a scroll of fog {unknown}
 s - a scroll of enchant weapon {unknown}
 v - 2 scrolls of remove curse {unknown}
 w - a scroll of blinking {unknown}
Potions
 e - a potion of degeneration {unknown}
 g - 2 potions of mutation {unknown}
 h - 2 potions of lignification {unknown}
 j - a potion of invisibility {unknown}
 q - a potion of haste
Books
 c - a book of Changes

   Spells                             Type                      Level
   a - Beastly Appendage              Transmutation                1
   b - Sticks to Snakes               Transmutation                2
   c - Spider Form                    Transmutation/Poison         3
   d - Ice Form                       Ice/Transmutation            4
   e - Blade Hands                    Transmutation                5
Comestibles
 d - 2 bread rations
 f - 6 chunks of flesh


   Skills:
 + Level 1.2 Fighting
 - Level 4.0 Dodging
 - Level 3.2 Unarmed Combat
 - Level 2.0 Spellcasting
 * Level 5.3 Transmutations


You had one spell level left.
You knew the following spells:

 Your Spells              Type           Power        Failure   Level  Hunger
a - Beastly Appendage     Tmut           ###...       10%         1    ##.....
b - Sticks to Snakes      Tmut           ###.....     13%         2    ###....
c - Spider Form           Tmut/Pois      #.........   47%         3    ####...


Dungeon Overview and Level Annotations

Branches:
Dungeon (2/15)

Altars:

Annotations:
D:2 Sigmund


Message History

You miscast Spider Form.
You are very lightly contaminated with residual magic.
You feel odd. Sigmund barely misses you.
Casting: Spider Form
Confirm with . or Enter, or press ? or * to list all spells.
You turn into a venomous arachnid creature.
Your +1 helmet melds into your body.
Your +0 robe melds into your body.
Sigmund hits you from afar with a scythe of freezing!
Sigmund freezes you.
Sigmund mumbles some strange words.
Sigmund flickers and vanishes!
Deactivating autopickup; reactivate with Ctrl-A.
Something misses you.
You barely miss something. Something hits you but does no damage.
You closely miss something.
Your transformation is almost over.
Something hits you!
* * * LOW HITPOINT WARNING * * *
Something freezes you.
You die...

..........# #..........#
#.## .#........#
##############...
#.........# #.........
......>...##### #.########
.#..##........### #.#
.###.#..........# #.###
.......#........########...#
######.......<.........###.#
##.#.......s.......##.#
#.#.......#{##.....#(#
#.........##.#.##.##.######
###.......###..##.........#
###'##### ##....##).....#
#.#########.#.#.......#
#....@............)..##
####...####..........# #...#
#####......#


There were no monsters in sight!

Vanquished Creatures
  Jessica (D:2)
  2 adders (D:2)
  A worm (D:2)
  3 dart slugs (D:2)
  A leopard gecko (D:1)
  A ball python (D:2)
  A giant cockroach (D:2)
  5 goblins
  6 hobgoblins
  3 kobolds
  4 bats
  A frilled lizard (D:2)
  5 rats
34 creatures vanquished.

Vanquished Creatures (collateral kills)
  4 jackals (D:2)
4 creatures vanquished.

Grand Total: 38 creatures vanquished

Notes
Turn   | Place    | Note
-------+----------+-------------------------------------------
     0 | D:1      | RaHiT the Merfolk Transmuter began the quest for the Orb.
     0 | D:1      | Reached XP level 1. HP: 15/15 MP: 3/3
    29 | D:1      | Reached skill level 3 in Transmutations
   232 | D:1      | Reached XP level 2. HP: 13/21 MP: 3/5
   237 | D:1      | Learned a level 2 spell: Sticks to Snakes
   556 | D:1      | You fall through a shaft!
   878 | D:1      | HP: 1/21 [kobold (3)]
  1434 | D:2      | Reached skill level 4 in Transmutations
  1434 | D:2      | Reached XP level 3. HP: 26/26 MP: 4/6
  1463 | D:2      | Noticed Sigmund
  1535 | D:1      | Learned a level 3 spell: Spider Form
  1642 | D:2      | Noticed Jessica
  1685 | D:2      | Killed Jessica
  1685 | D:2      | Reached XP level 4. HP: 26/32 MP: 7/7
  1788 | D:2      | Reached skill level 5 in Transmutations
  2270 | D:2      | Slain by Sigmund

Skill      XL: |  1  2  3  4 |
---------------+-------------+-----
Transmutations | 3 4 5 |  5.3
Dodging        | 3 4 |  4.0
Fighting       | |  1.2
Unarmed Combat | |  3.2
Spellcasting   | |  2.0

Action                   |  1- 3 |  4- 6 || total
-------------------------+-------+-------++-------
Melee: Unarmed           |   100 |    30 ||   130
       Headbutt          |    10 |       ||    10
       Punch             |     3 |       ||     3
 Cast: Beastly Appendage |    17 |       ||    17
       Sticks to Snakes  |     3 |       ||     3
       Spider Form       |     1 |     7 ||     8
 Abil: End Transformatio |       |     1 ||     1
Evoke: Wand              |       |     1 ||     1
 Stab: Sleeping          |     1 |       ||     1
  Eat: Chunk             |     3 |     3 ||     6
Armor: Robe              |    13 |       ||    13
Dodge: Dodged            |    67 |    23 ||    90
